 Dungeon Crawl Stone Soup version 0.28-a0-1412-gf95308ed99 (webtiles) character file.

Game seed: 11278306556734097948

0 HallandMoats the Skirmisher (level 1, 14/19 HPs)
             Began as a Ghoul Fighter on Jan 6, 2022.
             Was a Follower of Vehumet.
             Safely got out of the dungeon.
             The game lasted 00:00:18 (59 turns).

HallandMoats the Skirmisher (Ghoul Fighter)           Turns: 59, Time: 00:00:19

Health: 14/19      AC:  6    Str: 19    XL:     1   Next: 10%
Magic:  0/0        EV:  9    Int:  3    God:    Vehumet [*.....]
Gold:   0          SH:  4    Dex:  8    Spells: 0/0 levels left

rFire   . . .      SeeInvis .   a - +0 war axe
rCold   + . .      Faith    .   c - +0 buckler
rNeg    + + +      Spirit   .   b - +0 scale mail
rPois   ∞          Reflect  .   (no helmet)
rElec   .          Harm     .   (no cloak)
rCorr   .          Rampage  .   (no gloves)
Will    .....                   (no boots)
Stlth   ..........              (no amulet)
HPRegen 0.06/turn               (no ring)
MPRegen 0.07/turn               (no ring)

@: no status effects
A: claws 1, cold resistance 1, negative energy resistance 3, inhibited
regeneration, torment resistance 2
a: Renounce Religion


You escaped.
You worshipped Vehumet.
Vehumet was aware of your devotion.
You visited 1 branch of the dungeon, and saw 1 of its levels.

Inventory:

Hand Weapons
 a - a +0 war axe (weapon)
Armour
 b - a +0 scale mail (worn)
 c - a +0 buckler (worn)
Potions
 d - a potion of might


   Skills:
 + Level 3.2 Fighting
 + Level 1.7 Axes
 + Level 2.6 Armour
 + Level 0.0 Dodging
 * Level 2.7 Shields
 + Level 0.0 Invocations


You couldn't memorise any spells.
You didn't know any spells.
Your spell library was empty.

Dungeon Overview and Level Annotations

Branches:
Dungeon (1/15)

Altars:
Vehumet


Innate Abilities, Weirdness & Mutations

You thrive by killing the living.
You are immune to poison.
You have sharp fingernails.
Your flesh is cold resistant. (rC+)
You are immune to negative energy. (rN+++)
You do not regenerate when monsters are visible.
You are immune to unholy pain and torment.


Message History

Welcome, HallandMoats the Ghoul Fighter.
Below lies the Orb of Zot, rumoured to be powerful enough to resurrect a god...
Press ? for a list of commands and other information.
Found a staircase leading out of the dungeon.
Found a robe.
A kobold comes into view. It is wielding a +0 whip.
The kobold shouts!
A kobold is nearby!
A kobold is nearby!
A kobold is nearby!
A kobold is nearby!
Found a faded altar of an unknown god.
You block the kobold's attack.
You barely miss the kobold. You block the kobold's attack.
You barely miss the kobold. The kobold hits you with a +0 whip.
The kobold closely misses you.
You barely miss the kobold. The kobold hits you with a +0 whip.
You barely miss the kobold. You block the kobold's attack.
You closely miss the kobold. The kobold closely misses you.
The kobold hits you but does no damage.
You hit the kobold.
You kill the kobold!
Things that are here:
a +0 whip; a kobold corpse You enter the shallow water.
Moving in this stuff is going to be slow.
Found a stone staircase leading down.
There is a faded altar of an unknown god here.
You cannot tell which god this altar belongs to.
Convert to them anyway?
Vehumet accepts your prayer! Vehumet welcomes you!
You can now gain magical power from killing.
Vehumet offers you knowledge of Sandblast.
There is a fountain of clear blue water here.
There is a staircase leading out of the dungeon here.
Are you sure you want to leave the Dungeon?
This will make you lose the game!
You have escaped!

#P...P#......[..
##...##.........
#P...P#.........
##...##.#######.
#P.P.P# ##.P.##
#P...P# ##...##
#.@.# #####


There were no monsters in sight!

Vanquished Creatures
  A kobold (D:1)
1 creature vanquished.

Notes
Turn   | Place    | Note
-------+----------+-------------------------------------------
     0 | D:1      | HallandMoats the Ghoul Fighter began the quest for the Orb.
     0 | D:1      | Reached XP level 1. HP: 19/19 MP: 0/0
    18 | D:1      | Found a faded altar of an unknown god.
    35 | D:1      | Prayed at the altar of an unknown god.
    35 | D:1      | Became a worshipper of Vehumet
    35 | D:1      | Reached * piety under Vehumet
    35 | D:1      | Offered knowledge of Sandblast by Vehumet.
    59 | D:$      | Safely got out of the dungeon.

Illustrated notes

Levels and vault maps discovered:
D:1:      minmay_arrival_plants_in_alcoves, layout_basic,
          shapermc_ecumenical_altar_acropolis, minmay_pentomino_o4

Action                   || total
-------------------------++-------
Melee: War axe           ||     6
Armor: Scale mail        ||     1
Dodge: Dodged            ||     2
Block: Buckler           ||     3

Table legend: (Time is in decaauts)
 A = Elapsed time spent in this place.
 B = Non-inter-level travel time spent in this place.
 C = Inter-level travel time spent in this place.
 D = Time resting spent in this place.
 E = Time spent auto-exploring this place.
 F = Levels seen in this place.
 G = Mean time per level.
                   A        B        C        D        E       F      G
               +--------+--------+--------+--------+--------+-----+--------+
         Total |     62 |     40 |     22 |      0 |     16 |   1 |   62.0 |
       Dungeon |     62 |     40 |     22 |      0 |     16 |   1 |   62.0 |
               +--------+--------+--------+--------+--------+-----+--------+

Top non-repeatable levels by time:
     D:1: 62 daAuts
